 Dungeon Crawl Stone Soup version 0.20.0-15-g7f486f2 (webtiles) character file.

42 taytron the Grave Robber (level 3, 0/26 HPs)
             Began as a Hill Orc Necromancer on June 19, 2017.
             Slain by an ooze (2 damage)
             ... on level 1 of the Dungeon.
             The game lasted 00:14:02 (750 turns).

taytron the Grave Robber (Hill Orc Necromancer)      Turns: 750, Time: 00:14:02

Health: 0/26       AC:  3    Str: 10    XL:     3   Next: 56%
Magic:  0/6        EV: 12    Int: 16    God:
Gold:   69         SH:  0    Dex: 11    Spells: 4/6 levels left

rFire    . . .     SeeInvis .   m - +2 dagger (venom)
rCold    . . .     Gourm    .   (no shield)
rNeg     . . .     Faith    .   a - +1 robe
rPois    .         Spirit   .   (no helmet)
rElec    .         Reflect  .   (no cloak)
rCorr    .         Harm     .   (no gloves)
MR       .....                  (no boots)
Stlth    ++........             (no amulet)
Regen    0.1/turn               (no ring)
MPRegen  0.1/turn               (no ring)

@: very slightly contaminated
A: no striking features
a: no special abilities


You were on level 1 of the Dungeon.
You were not hungry.

You visited 1 branch of the dungeon, and saw 2 of its levels.

You collected 69 gold pieces.

Inventory:

Hand Weapons
 m - a +2 dagger of venom (weapon)
Missiles
 i - 21 sling bullets
 k - 3 stones (quivered)
Armour
 a - a +1 robe (worn)
 f - a +0 leather armour
Scrolls
 h - a scroll of identify {unknown}
Potions
 j - a potion of flight {unknown}
 l - a potion of cancellation {unknown}
Books
 b - a book of Necromancy

   Spells                             Type                      Level
   a - Pain                           Necromancy                   1
   b - Animate Skeleton               Necromancy                   1
   c - Vampiric Draining              Necromancy                   3
   d - Regeneration                   Charms/Necromancy            3
   e - Animate Dead                   Necromancy                   4
   f - Control Undead                 Necromancy                   4
Comestibles
 c - 3 bread rations
 d - a royal jelly
 g - 2 chunks of flesh
 n - 7 fruits


   Skills:
 + Level 1.6 Dodging
 + Level 1.9 Stealth
 + Level 2.1 Spellcasting
 + Level 4.6 Necromancy


You had 4 spell levels left.
You knew the following spells:

 Your Spells              Type           Power        Failure   Level  Hunger
a - Pain                  Necr           ###.         3%          1    #......
b - Animate Skeleton      Necr           N/A          3%          1    #......


Dungeon Overview and Level Annotations

Branches:
Dungeon (2/15)

Altars:
Elyvilon

Annotations:
D:2 Robin


Message History

You hit the ooze.
The ooze is moderately wounded.
The ooze barely misses you.
You hit the ooze.
The ooze is severely wounded.
The ooze completely misses you.
You barely miss the ooze.
The ooze is severely wounded.
The ooze hits you.
* * * LOW HITPOINT WARNING * * *
You hit the ooze but do no damage.
The ooze is severely wounded.
The ooze closely misses you.
You hit the ooze.
The ooze is poisoned.
The ooze is severely wounded.
The ooze misses you.
You hit the ooze but do no damage.
The ooze is severely wounded.
The ooze hits you.
You die...

#..#.#.#.#......#
######..#.#.#.#.######
..#.....#.#.#.#.#
..#.##.##.#.#.#.#
....#.....#.#.#.#
.##.#####.....#.#
....#...#.#.....#################
###.#.#.#.#.#..J.................
##.....#.###>.)@................
#....#.....#)##.##.##.....######
#.######.#.#.##.##.##.....# #
#.Z.# #.#.#.##.##.##....)# ####
###.# #.#.#.....#.####...# #...
#.####.#.#######.# #...# #...
#...)..#...#.....# ##### #...
#####%........###....... #...
#.........# ....... #...


You could see an ooze.

Vanquished Creatures
  An adder (D:2)
  A dart slug (D:1)
  A leopard gecko (D:2)
  2 giant cockroaches (D:1)
  5 goblins
  7 hobgoblins (D:1)
  4 jackals (D:2)
  2 kobolds (D:1)
  A frilled lizard (D:1)
  A rat (D:1)
25 creatures vanquished.

Vanquished Creatures (collateral kills)
  A hobgoblin (D:1)
  A kobold (D:1)
2 creatures vanquished.

Grand Total: 27 creatures vanquished

Notes
Turn   | Place    | Note
-------+----------+-------------------------------------------
     0 | D:1      | taytron the Hill Orc Necromancer began the quest for the Orb.
     0 | D:1      | Reached XP level 1. HP: 14/14 MP: 3/3
   128 | D:1      | Learned a level 1 spell: Animate Skeleton
   207 | D:1      | Reached XP level 2. HP: 8/20 MP: 1/4
   567 | D:1      | Learned a level 1 spell: Animate Skeleton
   602 | D:2      | Reached XP level 3. HP: 25/26 MP: 2/5
   634 | D:2      | Found a white marble altar of Elyvilon.
   686 | D:2      | Noticed Robin
   738 | D:1      | HP: 1/26 [ooze (2)]
   750 | D:1      | Slain by an ooze

Skill      XL: |  1  2  3 |
---------------+----------+-----
Spellcasting   | 2 |  2.1
Dodging        | |  1.6
Stealth        | |  1.9
Necromancy     | |  4.6

Action                   || total
-------------------------++-------
Melee: Unarmed           ||     9
       Dagger            ||    20
 Cast: Pain              ||    35
       Animate Skeleton  ||     6
  Use: Scroll            ||     5
       Potion            ||     2
 Stab: Distracted        ||     1
Armor: Robe              ||     9
Dodge: Dodged            ||    42
